 Dungeon Crawl Stone Soup version 0.20.1-1-g8b1a95d (console) character file.

1232 hilaritas the Spear-Bearer (level 8, -2/67 HPs)
             Began as a Merfolk Berserker on Jan 27, 2018.
             Was a Priest of Trog.
             Slain by hilaritas's ghost (8 damage)
             ... on level 6 of the Dungeon.
             The game lasted 00:12:48 (5129 turns).

hilaritas the Spear-Bearer (Merfolk Berserker)      Turns: 5129, Time: 00:12:48

Health: -2/67      AC:  5    Str: 20    XL:     8   Next: 48%
Magic:  8/8        EV: 14    Int:  6    God:    Trog [***...]
Gold:   227        SH:  0    Dex: 13    Spells: 7/7 levels left

rFire    . . .     SeeInvis .   x - +0 trident
rCold    . . .     Gourm    .   (no shield)
rNeg     + . .     Faith    .   q - +1 robe {rN+}
rPois    .         Spirit   .   d - +0 helmet
rElec    .         Reflect  .   i - +0 cloak
rCorr    .         Harm     .   (no gloves)
MR       .....                  (no boots)
Stlth    +.........             m - amulet of rage
Regen    0.3/turn               (no ring)
MPRegen  0.2/turn               (no ring)

@: lethally poisoned (-2 -> -53), hasted, very quick
A: change form in water, swift swim, stealthy swim
a: Berserk, Trog's Hand, Burn Spellbooks, Renounce Religion, Evoke Berserk Rage


You were on level 6 of the Dungeon.
You worshipped Trog.
Trog was most pleased with you.
You were hungry.

You visited 1 branch of the dungeon, and saw 6 of its levels.

You collected 227 gold pieces.

Inventory:

Hand Weapons
 a - a +1 spear
 x - a +0 trident (weapon)
Missiles
 h - 3 silver javelins (quivered)
Armour
 d - a +0 helmet (worn)
 i - a +0 cloak (worn)
 q - a +1 robe of positive energy (worn)
 y - a +2 robe of cold resistance
Jewellery
 m - an amulet of rage (around neck)
Scrolls
 b - a scroll of magic mapping
 l - a scroll of remove curse
 o - 3 scrolls of fog
 s - 3 scrolls of enchant weapon
 t - a scroll of fear
 A - a scroll of blinking
Potions
 e - 2 potions of heal wounds
 g - a potion of mutation
 j - a potion of might
 n - a potion of flight
 p - a potion of invisibility
 r - a potion of resistance {unknown}
 u - 2 potions of agility
 v - a potion of haste
 w - a potion of berserk rage {unknown}
 z - a potion of degeneration {unknown}
 C - a potion of brilliance {unknown}
Comestibles
 c - 3 bread rations
 f - 3 meat rations
 k - 2 royal jellies
 B - 3 chunks of flesh


   Skills:
 * Level 7.5 Fighting
 - Level 10.3 Polearms
 * Level 2.5 Armour
 + Level 4.6 Dodging


You had 7 spell levels left.
You didn't know any spells.

Dungeon Overview and Level Annotations

Branches:
Dungeon (6/15)             Temple (0/1) D:4

Altars:
Cheibriados
Nemelex Xobeh
Okawaru
Sif Muna
Vehumet
Xom

Annotations:
D:6 hilaritas's ghost, novice HaBe


Message History

Okay, then.
You hit hilaritas's ghost but do no damage.
Hilaritas's ghost is almost destroyed.
You feel very sick. Hilaritas's ghost misses you.
You closely miss hilaritas's ghost.
Hilaritas's ghost is severely damaged.
You feel very sick. Hilaritas's ghost hits you.
You are more poisoned.
You closely miss hilaritas's ghost.
Hilaritas's ghost is severely damaged.
* * * LOW HITPOINT WARNING * * *
You feel very sick. Hilaritas's ghost closely misses you.
It was a potion of haste.
You feel yourself speed up.
* * * LOW HITPOINT WARNING * * *
You feel very sick. Hilaritas's ghost hits you!
You die...

..###.# ......# ..#####
..... .####### #≈ ..#
#.. +.. #.# #.≈#+#≈# .
#.# ##.≈≈.≈≈# ##.. #.#
##.......## .....
..###.........####...#..
....+....((...'W@.......
..###.........####...#..
### #>......## .## #
##.....## .. ##...## #.
##'## # #.# #.#
##.###########
##...#.........
#......########


You could see hilaritas's ghost.

Vanquished Creatures
  The ghost of hilaritas the Quickloader, a novice KoHu of Okawaru (D:5)
  A phantom (D:4)
  2 ogres
  Blork the orc (D:5)
  A scorpion (D:4)
  4 hounds
  A centaur skeleton (D:5)
  Jessica (D:3)
  Natasha (thrice) (D:2)
  3 worker ants
  A worker ant zombie (D:5)
  10 adders
  An adder skeleton (D:4)
  2 worms
  3 dart slugs
  A leopard gecko (D:1)
  7 orcs
  7 bats
  5 giant cockroaches
  8 goblins
  7 hobgoblins
  4 jackals (D:2)
  4 quokkas
  3 ball pythons
  A ball python skeleton (D:4)
  8 frilled lizards
  2 jackal skeletons
  6 kobolds
  5 rats
103 creatures vanquished.

Vanquished Creatures (others)
  A scorpion (D:5)
  A giant cockroach (D:5)
2 creatures vanquished.

Grand Total: 105 creatures vanquished

Notes
Turn   | Place    | Note
-------+----------+-------------------------------------------
     0 | D:1      | hilaritas the Merfolk Berserker began the quest for the Orb.
     0 | D:1      | Reached XP level 1. HP: 18/18 MP: 1/1
   257 | D:1      | Reached XP level 2. HP: 24/24 MP: 2/2
   298 | D:1      | Reached skill level 5 in Polearms
   560 | D:2      | Found a deep blue altar of Sif Muna.
   628 | D:2      | Reached XP level 3. HP: 29/29 MP: 3/3
   877 | D:2      | Noticed Natasha
   894 | D:2      | Killed Natasha
   894 | D:2      | Reached skill level 6 in Polearms
   957 | D:2      | Reached ** piety under Trog
   990 | D:2      | Reached XP level 4. HP: 34/37 MP: 4/4
  1061 | D:2      | Found a sparkling altar of Nemelex Xobeh.
  1090 | D:2      | Noticed Natasha
  1106 | D:2      | Killed Natasha
  1319 | D:2      | Reached skill level 7 in Polearms
  1682 | D:2      | Noticed Natasha
  1689 | D:2      | Killed Natasha
  1689 | D:2      | Reached XP level 5. HP: 31/43 MP: 5/5
  1824 | D:3      | Noticed Jessica
  1832 | D:3      | Killed Jessica
  1843 | D:3      | Reached skill level 8 in Polearms
  2088 | D:3      | Found a faded altar of an unknown god.
  2169 | D:3      | Reached *** piety under Trog
  2266 | D:3      | Found a snail-covered altar of Cheibriados.
  2322 | D:3      | Reached XP level 6. HP: 45/49 MP: 6/6
  2654 | D:4      | Reached skill level 9 in Polearms
  2816 | D:4      | Found a staircase to the Ecumenical Temple.
  3106 | D:4      | Reached skill level 5 in Fighting
  3121 | D:4      | Reached XP level 7. HP: 11/56 MP: 7/7
  3330 | D:4      | Reached skill level 10 in Polearms
  3642 | D:5      | Entered Level 5 of the Dungeon
  3642 | D:5      | Noticed hilaritas's ghost (novice KoHu)
  3674 | D:5      | Killed hilaritas's ghost
  3674 | D:5      | Reached XP level 8. HP: 34/65 MP: 8/8
  3855 | D:5      | Noticed Blork the orc
  3864 | D:5      | Killed Blork the orc
  4351 | D:5      | Found a radiant altar of Vehumet.
  4575 | D:5      | Found a shimmering altar of Xom.
  5010 | D:6      | Found an iron altar of Okawaru.
  5106 | D:6      | Noticed hilaritas's ghost (novice HaBe)
  5129 | D:6      | HP: 6/67 [poisoned by hilaritas's ghost]
  5129 | D:6      | Slain by hilaritas's ghost

Skill      XL: |  1  2  3  4  5  6  7  8 |
---------------+-------------------------+-----
Polearms       | 5 6 7 8 9 10 | 10.3
Fighting       | 4 5 6 7 |  7.5
Armour         | 2 |  2.5
Dodging        | 3 4 |  4.6

Action                   |  1- 3 |  4- 6 |  7- 9 || total
-------------------------+-------+-------+-------++-------
Melee: Spear             |    94 |   229 |       ||   323
       Trident           |       |    24 |   173 ||   197
Throw: Javelin           |       |     2 |     4 ||     6
Invok: Berserk           |       |       |     1 ||     1
       Trog's Hand       |       |       |     1 ||     1
  Use: Scroll            |     3 |    10 |     1 ||    14
       Potion            |       |       |     1 ||     1
 Stab: Sleeping          |       |     1 |     1 ||     2
  Eat: Chunk             |       |     7 |     5 ||    12
       Royal jelly       |       |       |     1 ||     1
Armor: Ring mail         |    32 |    17 |       ||    49
       Robe              |       |    17 |    22 ||    39
Dodge: Dodged            |    59 |    99 |    68 ||   226
